 Dungeon Crawl Stone Soup version 0.29.1-2-gbd0b4ee654 (webtiles) character file.

Game seed: 7394890620271855400

70 styxcanada the Sneak (level 4, 0/23 HPs)
             Began as a Spriggan Brigand on Oct 30, 2022.
             Killed from afar by Sigmund (7 damage)
             ... with a magic dart
             ... on level 2 of the Dungeon.
             The game lasted 00:05:01 (1803 turns).

styxcanada the Sneak (Spriggan Brigand)             Turns: 1803, Time: 00:05:02

Health: 0/23       AC:  3    Str:  7    XL:     4   Next: 4%
Magic:  5/5        EV: 17    Int: 12    God:
Gold:   52         SH:  0    Dex: 18    Spells: 3/3 levels left

rFire   . . .      SeeInvis +   a - +2 dagger
rCold   . . .      Faith    .   (no shield)
rNeg    . . .      Spirit   .   b - +0 robe
rPois   .          Reflect  .   (helmet restricted)
rElec   .          Harm     .   c - +0 cloak
rCorr   .          Rampage  .   (gloves unavailable)
Will    .....                   (boots unavailable)
Stlth   ++++......              (no amulet)
HPRegen 0.07/turn               (no ring)
MPRegen 0.09/turn               (no ring)

@: very quick
A: very small, no large weapons, unfitting armour, see invisible, speed 3
a: no special abilities


You were on level 2 of the Dungeon.
You visited 1 branch of the dungeon, and saw 2 of its levels.

You collected 52 gold pieces.

Inventory:

Hand Weapons
 a - a +2 dagger (weapon)
 q - a +2 quarterstaff of chaos
Missiles
 d - 7 poisoned darts (quivered)
 e - 3 curare-tipped darts
 j - 16 stones
Armour
 b - a +0 robe (worn)
 c - a +0 cloak (worn)
Scrolls
 g - a scroll of identify {unknown}
 i - a scroll of vulnerability {unknown}
 l - a scroll of blinking {unknown}
 m - a scroll of enchant armour {unknown}
 n - a scroll of poison {unknown}
 o - 2 scrolls of teleportation {unknown}
 r - a scroll of amnesia {unknown}
Potions
 f - a potion of berserk rage {unknown}
 h - a potion of resistance {unknown}
 k - a potion of flight {unknown}
 p - a potion of attraction {unknown}
 s - a potion of mutation {unknown}


   Skills:
 * Level 1.8 Fighting
 + Level 2.4 Short Blades
 + Level 2.1 Throwing
 * Level 2.4 Dodging
 * Level 7.6 Stealth


You had 3 spell levels left.
You didn't know any spells.
Your spell library contained the following spells:

 Spells                   Type           Power      Damage    Failure   Level
 Magic Dart               Conj           0%         1d3       32%         1
 Call Imp                 Summ           0%         N/A       45%         2
 Mephitic Cloud           Conj/Pois/Air  0%         N/A       69%         3
 Airstrike                Air            0%         2d(0-16)  97%         4
 Summon Lightning Spire   Summ/Air       0%         N/A       97%         4
 Lightning Bolt           Conj/Air       0%         1d11      100%        5


Dungeon Overview and Level Annotations

Branches:
Dungeon (2/15)

Altars:

Annotations:
D:2 Sigmund


Innate Abilities, Weirdness & Mutations

You are very small and have problems with some larger weapons.
You are too small for most types of armour.
You have supernaturally acute eyesight. (SInv)
You cover ground extremely quickly. (Speed+++)


Message History

Sigmund is lightly wounded.
Sigmund casts a spell at you. The puff of flame misses you.
Sigmund points at you and mumbles some strange words.
The puff of flame hits you.
Throw: 11 darts (poison)
Press: ? - help, Q - select action, (/) - cycle Shift-Dir - straight line, f/p - Sigmund
Aim: Sigmund, wielding a +2 vorpal scythe and wearing a +0 robe (moderately wounded, very poisoned, 58% to hit)
You throw a poisoned dart.
The poisoned dart barely misses Sigmund.
The poisoned dart misses the quokka.
Throw: 10 darts (poison)
Press: ? - help, Q - select action, (/) - cycle Shift-Dir - straight line, f/p - Sigmund
Aim: Sigmund, wielding a +2 vorpal scythe and wearing a +0 robe (moderately wounded, very poisoned, 58% to hit)
You throw a poisoned dart.
The poisoned dart barely misses Sigmund.
The poisoned dart hits the quokka.
The quokka is poisoned.
Sigmund says, "Now you see me, now you don't..."
Sigmund points at you and mumbles some strange words.
The puff of flame misses you.
Throw: 9 darts (poison)
Press: ? - help, Q - select action, (/) - cycle Shift-Dir - straight line, f/p - Sigmund
Aim: Sigmund, wielding a +2 vorpal scythe and wearing a +0 robe (moderately wounded, very poisoned, 58% to hit)
You throw a poisoned dart.
The poisoned dart closely misses Sigmund.
The poisoned dart hits the quokka.
The quokka looks even sicker.
Sigmund points at you and mumbles some strange words.
The magic dart hits you!
* * * LOW HITPOINT WARNING * * *
You feel a bit more experienced.
You start resting.
Sigmund is nearby!
Throw: 8 darts (poison)
Press: ? - help, Q - select action, (/) - cycle Shift-Dir - straight line, f/p - Sigmund
Aim: Sigmund, wielding a +2 vorpal scythe and wearing a +0 robe (heavily wounded, 58% to hit)
You throw a poisoned dart. The poisoned dart hits Sigmund.
Sigmund is poisoned.
Sigmund is heavily wounded.
Sigmund gestures at you while chanting. The magic dart hits you!
You die...

# #... #.#### #...
... #....# #.. ...
#@# #... .. ...
#.# #.#.#. ..# #.#
#.#..# ##.# #
#@###.##.# .##.# .
#.(......##.##.# .
#####.......##.##†
#.....####....
#....@..r(.(..
#.....######..


You could see Sigmund (poisoned).

Vanquished Creatures
  Crazy Yiuf (D:2)
  An adder (D:2)
  A dart slug (D:2)
  2 endoplasms (D:1)
  5 goblins (D:1)
  3 hobgoblins (D:1)
  3 kobolds
  4 quokkas
  3 ball pythons (D:1)
  3 bats (D:1)
  3 frilled lizards (D:1)
  3 rats
32 creatures vanquished.

Notes
Turn   | Place    | Note
-------+----------+-------------------------------------------
     0 | D:1      | styxcanada the Spriggan Brigand began the quest for the
                  | Orb.
     0 | D:1      | Reached XP level 1. HP: 10/10 MP: 2/2
    74 | D:1      | Reached skill level 6 in Stealth
   179 | D:1      | Reached XP level 2. HP: 14/14 MP: 3/3
   992 | D:1      | Reached skill level 7 in Stealth
  1527 | D:2      | Reached XP level 3. HP: 18/18 MP: 4/4
  1664 | D:2      | Found a runed translucent door.
  1665 | D:2      | Noticed Crazy Yiuf
  1672 | D:2      | Killed Crazy Yiuf
  1743 | D:2      | Noticed Sigmund
  1746 | D:2      | Reached XP level 4. HP: 23/23 MP: 5/5
  1803 | D:2      | Killed from afar by Sigmund

Illustrated notes

Levels and vault maps discovered:
D:1:      kilobyte_arrival_exit_the_forest, layout_basic,
          minmay_indecisive_spiral
D:2:      layout_loops_cross, basic_altar, ebering_ecumenical_altar_rust,
          uniq_robin, uniq_sigmund, uniq_crazy_yiuf_cottage

Skill      XL: |  1  2  3 |
---------------+----------+-----
Stealth        | 6 7 |  7.6
Dodging        | 2 |  2.4
Fighting       | |  1.8
Short Blades   | |  2.4
Throwing       | |  2.1

Action                   |  1- 3 |  4- 6 || total
-------------------------+-------+-------++-------
Melee: Dagger            |    82 |     1 ||    83
       Punch             |     1 |       ||     1
Throw: Dart              |     5 |     8 ||    13
 Stab: Sleeping          |    10 |       ||    10
Armor: Robe              |    15 |       ||    15
Dodge: Dodged            |    60 |     3 ||    63
